 Dungeon Crawl Stone Soup version 0.26-a0-491-g70697cc071 (webtiles) character file.

Game seed: 14387364968691568240

816 BeastOfSaturn the Slasher (level 7, 0/53 HPs)
             Began as a Demonspawn Warper on Aug 4, 2020.
             Was an Initiate of Ru.
             Slain by an orc warrior
             ... wielding a +0 battleaxe
              (19 damage)
             ... on level 6 of the Dungeon on Aug 5, 2020.
             The game lasted 00:14:00 (7230 turns).

BeastOfSaturn the Slasher (Demonspawn Warper)       Turns: 7230, Time: 00:14:01

Health: 0/53       AC:  9    Str: 13    XL:     7   Next: 62%
Magic:  11/11      EV: 13    Int: 15    God:    Ru [......]
Gold:   277        SH:  0    Dex: 18    Spells: 7/12 levels left

rFire    + . .     SeeInvis .   u - +0 scimitar
rCold    + . .     Faith    .   (no shield)
rNeg     . . .     Spirit   .   b - +1 leather armour
rPois    .         Reflect  .   n - +0 helmet
rElec    .         Harm     .   j - scarf {rC+ rF+}
rCorr    .         Rnd*Tele +   (no gloves)
MR       .....                  (no boots)
Stlth    +.........             (no amulet)
HPRegen  0.17/turn              c - ring of teleportation (curse)
MPRegen  0.12/turn              h - +6 ring of dexterity

@: no status effects
A: iridescent scales 2, rot immunity
a: Renounce Religion


You were on level 6 of the Dungeon.
You worshipped Ru.
Ru was noncommittal.
You visited 1 branch of the dungeon, and saw 6 of its levels.

You collected 277 gold pieces.

Inventory:

Hand Weapons
 a - a +0 falchion
 u - a +0 scimitar (weapon)
Missiles
 e - 5 boomerangs of dispersal (quivered)
 w - 4 boomerangs
Armour
 b - a +1 leather armour (worn)
 j - a scarf of resistance (worn)
 n - a +0 helmet (worn)
 y - a +0 plate armour
Magical Staves
 A - an uncursed staff of energy
Jewellery
 c - a cursed ring of teleportation (left hand)
 h - a +6 ring of dexterity (right hand)
Scrolls
 d - 3 scrolls of blinking
 f - 2 scrolls of teleportation
 m - 2 scrolls of fog
 o - a scroll of enchant armour
 p - 2 scrolls of identify
 s - 2 scrolls of fear
Potions
 g - 3 potions of mutation
 i - a potion of invisibility
 k - 2 potions of cancellation
 l - 2 potions of flight {unknown}
 q - 2 potions of stabbing {unknown}
 t - 2 potions of degeneration {unknown}
 v - a potion of magic {unknown}
 x - a potion of berserk rage {unknown}
 z - a potion of curing


   Skills:
 * Level 3.7 Fighting
 * Level 5.4 Long Blades
 - Level 0.8 Throwing
 - Level 1.0 Armour
 * Level 3.5 Dodging
 + Level 0.3 Stealth
 * Level 3.2 Spellcasting
 * Level 3.8 Translocations


You had 7 spell levels left.
You knew the following spells:

 Your Spells              Type           Power        Failure   Level
a - Blink                 Tloc           N/A          8%          2
b - Lesser Beckoning      Tloc           ##........   16%         3

Your spell library contained the following spells:

 Spells                   Type           Power        Failure   Level
 Gell's Gravitas          Tloc           ##........   16%         3
 Teleport Other           Tloc           ##......     16%         3
 Passage of Golubria      Tloc           N/A          45%         4


Dungeon Overview and Level Annotations

Branches:
Dungeon (6/15)             Temple (0/1) D:5

Altars:
Ru

Shops:
D:6 }

Annotations:
D:4 2 transporters, Askman's ghost, amateur KoHu


Innate Abilities, Weirdness & Mutations

You are mostly covered in iridescent scales. (AC +4)
You are immune to rotting.


Message History

You hit the orc warrior.
The orc warrior is moderately wounded.
The orc priest calls upon Beogh to heal the orc warrior.
The orc warrior is healed somewhat.
The orc wizard hits you but does no damage.
The orc priest calls down the wrath of Beogh upon you.
Beogh smites you!
You barely miss the orc priest.
The orc warrior hits you with a +0 battleaxe!!
The orc wizard miscasts a cantrip.
The orc priest closely misses you.
You hit the orc priest but do no damage.
A black bear comes into view.
The orc warrior hits you but does no damage.
The orc wizard misses you.
The orc priest hits you but does no damage.
You barely miss the orc priest.
The orc wizard hits you with a +0 dagger.
The orc warrior hits you with a +0 battleaxe!!
You die...

### #≈####.#######....#.#####
)...#≈≈#.....................
.....≈≈..#..............####.
.....≈≈≈##########...####
......≈....#######...#
.....≈≈..........#...#
....≈≈≈......$...#####
....≈.≈≈≈≈...o......
...≈.≈≈≈....@o?.....
.....≈≈...#.o.......
......≈.≈.#.........
....≈≈..≈#.........
.≈.≈≈.≈.#......###
.≈≈≈......∩..... .≈≈≈
##h####### #.#


You could see an orc warrior, a black bear, an orc priest and an orc wizard.

Vanquished Creatures
  Sigmund (D:2)
  An ogre (D:3)
  4 howler monkeys
  A bullfrog zombie (D:5)
  A hound (D:5)
  A bullfrog skeleton (D:4)
  3 worker ants
  An iguana (D:3)
  A killer bee zombie (D:5)
  A hound skeleton (D:4)
  4 gnolls
  6 adders
  2 oozes (D:2)
  3 worms
  5 leopard geckos
  4 orcs
  A ball python (D:2)
  5 bats
  7 giant cockroaches
  11 goblins
  5 hobgoblins
  8 jackals
  5 kobolds
  6 quokkas
  5 frilled lizards
  A leopard gecko skeleton (D:5)
  10 rats
103 creatures vanquished.

Vanquished Creatures (others)
  4 plants (D:4)
4 creatures vanquished.

Grand Total: 107 creatures vanquished

Notes
Turn   | Place    | Note
-------+----------+-------------------------------------------
     0 | D:1      | BeastOfSaturn the Demonspawn Warper began the quest for the
                  | Orb.
     0 | D:1      | Reached XP level 1. HP: 16/16 MP: 3/3
   122 | D:1      | Reached skill level 2 in Long Blades
   259 | D:1      | Reached skill level 1 in Armour
   259 | D:1      | Gained mutation: You are partially covered in iridescent
                  | scales. (AC +2) [demonic ancestry]
   259 | D:1      | Reached XP level 2. HP: 20/22 MP: 5/5
   263 | D:1      | Learned a level 2 spell: Blink
   789 | D:2      | Gained mutation: You are mostly covered in iridescent
                  | scales. (AC +4) [demonic ancestry]
   789 | D:2      | Reached XP level 3. HP: 24/28 MP: 6/6
  1507 | D:2      | Gained mutation: You are immune to rotting. [demonic
                  | ancestry]
  1507 | D:2      | Reached XP level 4. HP: 32/34 MP: 7/7
  1548 | D:2      | Reached skill level 3 in Long Blades
  1662 | D:2      | Noticed Sigmund
  1981 | D:3      | Learned a level 3 spell: Lesser Beckoning
  2583 | D:4      | Reached XP level 5. HP: 17/39 MP: 8/8
  3195 | D:4      | Noticed an ogre
  3766 | D:2      | Killed Sigmund
  3766 | D:2      | Reached skill level 4 in Long Blades
  3766 | D:2      | Reached XP level 6. HP: 19/46 MP: 0/10
  4353 | D:4      | Found a sacrificial altar of Ru.
  5072 | D:3      | Reached skill level 5 in Long Blades
  5435 | D:3      | Reached XP level 7. HP: 28/52 MP: 11/11
  5694 | D:4      | Became a worshipper of Ru the Awakened
  5884 | D:4      | Found a transporter.
  5946 | D:4      | Noticed Askman's ghost (amateur KoHu)
  5980 | D:4      | Found a transporter.
  5990 | D:4      | Identified the +6 spear of Springtime {vamp, rF++ Dex+4
                  | Stlth-}
  6228 | D:5      | Entered Level 5 of the Dungeon
  6267 | D:5      | Found a staircase to the Ecumenical Temple.
  7124 | D:5      | Upgraded the game from 0.26-a0-490-gf8362a0c98 to
                  | 0.26-a0-491-g70697cc071
  7219 | D:6      | Found Coramet's Gadget Shoppe.
  7230 | D:6      | Slain by an orc warrior

Illustrated notes

Levels and vault maps discovered:
D:1:      saegor_arrival_simple_c, layout_rooms, serial_curves, eino_curves_01,
          eino_curves_03, eino_curves_02, grunt_decor_fettered
D:2:      layout_loops_cross, uniq_sigmund
D:3:      layout_basic
D:4:      layout_rooms, overflow_temple_1_default, gammafunk_ghost_gnarly_gnolls
D:5:      layout_basic, minmay_temple_entry_gardened_gates, kennysheep_boxes
D:6:      layout_basic, serial_shops, shop, chequers_serial_rivers_small_3

Skill      XL: |  1  2  3  4  5  6  7 |
---------------+----------------------+-----
Long Blades    | 2 3 4 5 |  5.4
Armour         | 1 |  1.0
Dodging        | 2 3 |  3.5
Translocations | 3 |  3.8
Fighting       | 3 |  3.7
Spellcasting   | 3 |  3.2
Throwing       | |  0.8
Stealth        | |  0.3

Action                   |  1- 3 |  4- 6 |  7- 9 || total
-------------------------+-------+-------+-------++-------
Melee: Falchion          |   127 |   249 |     9 ||   385
       Scimitar          |       |       |    90 ||    90
  Use: Scroll            |     4 |     2 |     4 ||    10
       Potion            |     1 |     2 |     2 ||     5
 Stab: Sleeping          |     1 |       |       ||     1
Armor: Leather armour    |    53 |    88 |    51 ||   192
       Skin              |    21 |    14 |       ||    35
Dodge: Dodged            |    89 |   191 |    84 ||   364
       Rpst.: Falchion   |    23 |    53 |     2 ||    78
       Scimitar          |       |       |    23 ||    23

Table legend: (Time is in decaauts)
 A = Elapsed time spent in this place.
 B = Non-inter-level travel time spent in this place.
 C = Inter-level travel time spent in this place.
 D = Time resting spent in this place.
 E = Time spent auto-exploring this place.
 F = Levels seen in this place.
 G = Mean time per level.
                   A        B        C        D        E       F      G
               +--------+--------+--------+--------+--------+-----+--------+
         Total |   7296 |   6936 |    360 |   3160 |   2518 |   6 | 1216.0 |
       Dungeon |   7296 |   6936 |    360 |   3160 |   2518 |   6 | 1216.0 |
               +--------+--------+--------+--------+--------+-----+--------+

Top non-repeatable levels by time:
     D:3: 2865 daAuts
     D:2: 1671 daAuts
     D:4: 965 daAuts
     D:5: 924 daAuts
     D:1: 783 daAuts
     D:6: 87 daAuts
